 Dungeon Crawl Stone Soup version 0.30-a0-1124-g6e8f0f562f (webtiles) character file.

Game seed: 10929449384681200139

5278 Twinkles the Grappler (level 10, -3/94 HPs)
             Began as an Armataur Monk on Apr 23, 2023.
             Was a Believer of Elyvilon.
             Slain by a two-headed ogre
             ... wielding a +0 giant club
              (26 damage)
             ... on level 8 of the Dungeon.
             The game lasted 00:28:54 (7548 turns).

Twinkles the Grappler (Armataur Monk)               Turns: 7548, Time: 00:28:55

Health: -3/94      AC: 12    Str: 21    XL:     10   Next: 36%
Magic:  11/14      EV:  9    Int: 13    God:    Elyvilon [**....]
Gold:   519        SH:  0    Dex: 14    Spells: 5/9 levels left

rFire   + .          .
                       - Unarmed
rCold   x . .        c - orb {light}
rNeg    . . .        w - +0 swamp dragon scales
rPois   +            (no helmet)
rElec   .            (no cloak)
rCorr   .            (no gloves)
SInv    .            (no barding)
Will    .....        s - amulet of regeneration
Stlth   +            D - ring of Hulu {Fire Int+2 Dex+2}
HPRegen 1.15/turn    F - +4 ring of protection
MPRegen 0.14/turn

%: roll
@: glowing
A: large, rugged brown scales 3, deformed body, armoured tail, roll, long
tongue, awkward tongue
a: Renounce Religion, Purification, Heal Other


You were on level 8 of the Dungeon.
You worshipped Elyvilon.
Elyvilon was pleased with you.
You visited 2 branches of the dungeon, and saw 9 of its levels.
You also visited: Ossuary.

You collected 519 gold pieces.

Inventory:

Armour
 a - a +0 robe
 c - an orb of light (worn)
 r - a +0 ring mail
 u - a +0 scale mail
 w - +0 swamp dragon scales (worn)
 E - the +3 leather armour of the Monk {Dex+3}
   (You found it on level 7 of the Dungeon)

   Dex:       It affects your dexterity (+3).
Magical Staves
 x - a staff of air
Jewellery
 f - an amulet of magic regeneration
 h - a +6 ring of strength
 s - an amulet of regeneration (around neck)
 D - the ring of Hulu (left hand) {Fire Int+2 Dex+2}
   (You found it on level 7 of the Dungeon)

   [ring of fire]

   It enhances your fire magic.
   Int:       It affects your intelligence (+2).
   Dex:       It affects your dexterity (+2).
   rF:        It protects you from fire.
   rC:        It makes you vulnerable to cold.
 F - a +4 ring of protection (right hand)
 H - a ring of magical power
Wands
 p - a wand of paralysis (12)
 q - a wand of flame (8)
Scrolls
 b - 2 scrolls of magic mapping {unknown}
 d - a scroll of blinking {unknown}
 g - a scroll of poison {unknown}
 i - 2 scrolls of fog {unknown}
 j - a scroll of silence {unknown}
 l - 2 scrolls of summoning {unknown}
 n - a scroll of enchant weapon {unknown}
 o - 2 scrolls of amnesia {unknown}
 t - a scroll of fear {unknown}
 y - a scroll of vulnerability {unknown}
 A - 2 scrolls of noise {unknown}
 K - 2 scrolls of immolation
 Y - 2 scrolls of teleportation
Potions
 k - a potion of heal wounds {unknown}
 m - a potion of lignification {unknown}
 v - 2 potions of cancellation {unknown}
 z - 2 potions of haste {unknown}
 B - 2 potions of might {unknown}
 C - 2 potions of attraction {unknown}
 G - a potion of ambrosia
 J - 6 potions of curing
 R - 2 potions of resistance
 T - a potion of berserk rage
 U - 2 potions of mutation


   Skills:
 + Level 7.7 Fighting
 + Level 6.5 Armour
 - Level 2.9 Dodging
 + Level 1.5 Shields
 + Level 8.4 Unarmed Combat
 - Level 5.0 Translocations
 + Level 5.6 Invocations


You had 5 spell levels left.
You knew the following spells:

 Your Spells              Type           Power      Damage    Failure   Level
a - Blink                 Tloc           26%        N/A       10%         2
b - Lesser Beckoning      Tloc           26%        N/A       10%         2

Your spell library contained the following spells:

 Spells                   Type           Power      Damage    Failure   Level
 Momentum Strike          Conj/Tloc      12%        3d8       26%         2
 Sandblast                Erth           0%         2d4       43%         1
 Cigotuvi's Dreadful Rot  Necr/Pois/Air  0%         N/A       58%         2
 Ensorcelled Hibernation  Hex/Ice        0%         N/A       58%         2
 Passwall                 Tmut/Erth      0%         N/A       58%         2
 Ignite Poison            Fire/Tmut/Pois 0%         N/A       82%         3
 Stone Arrow              Conj/Erth      0%         3d7       82%         3
 Swiftness                Air            0%         N/A       82%         3
 Animate Armour           Summ/Erth      0%         N/A       99%         4
 Animate Dead             Necr           0%         N/A       99%         4
 Alistair's Intoxication  Tmut/Pois      0%         N/A       100%        5
 Blade Hands              Tmut           0%         N/A       100%        5
 Borgnjor's Vile Clutch   Necr/Erth      0%         N/A       100%        5
 Freezing Cloud           Conj/Ice/Air   0%         6-21      100%        5
 Eringya's Noxious Bog    Tmut/Pois      0%         N/A       100%        6
 Iron Shot                Conj/Erth      0%         9d1       100%        6
 Haunt                    Necr/Summ      0%         N/A       100%        7
 Infestation              Necr           0%         N/A       100%        8


Dungeon Overview and Level Annotations

Branches:
Dungeon (8/15) Zot: 26707  Temple (1/1) D:4 Zot: 5967 Ossuary (visited)
   Lair: D:8-11

Altars:
Ashenzari
Cheibriados
Dithmenos
Elyvilon
Fedhas
Gozag
Hepliaklqana
Kikubaaqudgha
Makhleb
Nemelex Xobeh
Qazlal
Ru
Sif Muna
Trog
Uskayaw
Vehumet
Wu Jian
Xom
Yredelemnul
Zin
The Shining One

Annotations:
D:7 2 exclusions


Innate Abilities, Weirdness & Mutations

You are completely covered in rugged brown scales. (AC +3, +7% HP)
Armour fits poorly on your strangely shaped body.
You have a long armoured tail.
You roll when moving toward enemies. (Rampage)
Your long tongue fully drains potion bottles. (2x potion effects)
Your tongue gives you trouble enunciating. (1.5x scroll delay)


Message History

The wraith is almost destroyed.
The wraith barely misses you.
You hit the wraith but do no damage.
The wraith is almost destroyed.
The wraith hits you but does no damage.
You punch the wraith!
You destroy the wraith!
Press: ? - help, Dir - move target, f - two-headed ogre Heal: a two-headed ogre, wielding a +0 giant club and a +0 giant spiked club (haloed, chance to pacify: 7%) Unknown command.
You are healed.
The two-headed ogre hits you with a +0 giant club!!
The two-headed ogre hits you with a +0 giant spiked club!!
You hit the two-headed ogre. You tail-slap the two-headed ogre!
The two-headed ogre is moderately wounded.
You are healed.
You can no longer provide healing for yourself.
The two-headed ogre hits you with a +0 giant club!!
The two-headed ogre hits you with a +0 giant spiked club!
* * * LOW HITPOINT WARNING * * *
Okay, then.
Okay, then.
Unknown command.
As you slowly read the scroll labelled WYMICLIAGI, it crumbles to dust.
The creatures around you are filled with an inner flame!
It was a scroll of immolation.
K - 2 scrolls of immolation The two-headed ogre hits you but does no damage.
The two-headed ogre hits you with a +0 giant spiked club!!
Elyvilon protects you from harm!
You're wearing all the rings you can.
Remove which one? (? for menu, Esc to cancel) < or
h - a +6 ring of strength; > or
F - a +4 ring of protection You remove your +6 ring of strength.
You feel weaker.
You feel more attuned to fire.
You feel clever.
You feel agile.
D - the ring of Hulu (left hand) {Fire Int+2 Dex+2} The two-headed ogre hits you with a +0 giant club!!
You die...

#.#.###....##......###.....#
#.#.# #....##.....## #######
###.# #....##.....# ..#
#....##.....# ###
#######.....# #.....# ??
###.####### !=# #..........
.... ###@####### ....## #O#


lOc... #K# F.F...##Y# #.O.# #..J# ..hFY..#### ....... .....## You could see 2
two-headed ogres, a yak (inner flame), a kobold brigand (inner flame) and a
jelly (inner flame).

Vanquished Creatures
  Maggie (D:6)
  A gargoyle (D:7)
  A troll (D:8)
  Prince Ribbit (D:7)
  Grinder (D:3)
  Sigmund (D:2)
  A wyvern (D:8)
  2 wraiths
  Edmund (D:6)
  2 water moccasins
  Duvessa (D:6)
  An orc warrior (D:6)
  3 sky beasts
  2 black bears (D:6)
  4 ogres
  2 centaurs
  A phantom (D:7)
  2 elf zombies (Ossuary)
  2 scorpions
  Dowan (D:6)
  A howler monkey (D:8)
  A centaur zombie (Ossuary)
  An orc priest (D:4)
  A gnoll bouda (D:6)
  6 hounds
  2 human zombies (Ossuary)
  5 jellies
  5 iguanas
  4 orc wizards
  Natasha (twice) (D:2)
  3 mummies
  4 gnolls (D:6)
  9 adders
  A shadow imp (D:8)
  2 white imps
  An ufetubus (D:5)
  3 adder zombies (Ossuary)
  2 worms
  4 dart slugs
  13 orcs
  7 bats
  6 endoplasms
  6 giant cockroaches
  10 goblins
  7 hobgoblins
  8 jackals
  8 quokkas
  8 ball pythons
  8 frilled lizards
  A goblin zombie (Ossuary)
  11 hobgoblin zombies
  6 kobolds
  8 kobold zombies (Ossuary)
  9 orc zombies (Ossuary)
  4 rats
  A rat zombie (Ossuary)
209 creatures vanquished.

Vanquished Creatures (others)
  An orc (D:6)
1 creature vanquished.

Grand Total: 210 creatures vanquished

Notes
Turn   | Place    | Note
-------+----------+-------------------------------------------
     0 | D:1      | Twinkles the Armataur Monk began the quest for the Orb.
     0 | D:1      | Reached XP level 1. HP: 19/19 MP: 1/1
   209 | D:1      | Found a faded altar of an unknown god.
   220 | D:1      | Reached XP level 2. HP: 25/26 MP: 2/2
   358 | D:1      | Reached skill level 3 in Unarmed Combat
   686 | D:1      | Found Olod's Armour Emporium.
   740 | D:1      | Reached XP level 3. HP: 33/33 MP: 3/3
  1071 | D:2      | Reached skill level 1 in Armour
  1207 | D:2      | Noticed Natasha
  1217 | D:2      | Killed Natasha
  1218 | D:2      | Reached XP level 4. HP: 27/40 MP: 4/4
  1574 | D:2      | Noticed Sigmund
  1587 | D:2      | HP: 12/42 [Sigmund/+0 scythe (7)]
  1589 | D:2      | Killed Sigmund
  1590 | D:2      | Reached skill level 4 in Unarmed Combat
  1590 | D:2      | Reached XP level 5. HP: 14/49 MP: 5/5
  1590 | D:2      | Reached XP level 6. HP: 16/55 MP: 6/6
  1665 | D:2      | Noticed Natasha
  1729 | D:2      | Killed Natasha
  2149 | D:3      | Noticed Grinder
  2173 | D:3      | Paralysed by Grinder for 2 turns
  2176 | D:3      | HP: 15/56 [Grinder (6)]
  2179 | D:3      | Killed Grinder
  2180 | D:3      | Reached XP level 7. HP: 41/64 MP: 7/7
  2689 | D:3      | Learned a level 2 spell: Blink
  2692 | D:3      | Learned a level 2 spell: Lesser Beckoning
  3018 | D:4      | Reached skill level 5 in Fighting
  3018 | D:4      | Reached skill level 5 in Unarmed Combat
  3084 | D:4      | Reached skill level 5 in Armour
  3124 | D:4      | Reached skill level 1 in Translocations
  3325 | D:4      | Reached XP level 8. HP: 58/72 MP: 8/8
  3344 | D:4      | Found a staircase to the Ecumenical Temple.
  3353 | Temple   | Entered the Ecumenical Temple
  3366 | Temple   | Became a worshipper of Elyvilon the Healer
  3366 | Temple   | Reached * piety under Elyvilon
  3366 | Temple   | Reached ** piety under Elyvilon
  3636 | D:4      | Found a blossoming altar of Fedhas.
  3638 | D:4      | Found a burning altar of Makhleb.
  3641 | D:4      | Found a shimmering altar of Xom.
  3642 | D:4      | Found an ornate altar of the Wu Jian Council.
  3642 | D:4      | Found a basalt altar of Yredelemnul.
  3643 | D:4      | Found a glowing golden altar of the Shining One.
  3650 | D:4      | Reached skill level 6 in Unarmed Combat
  3653 | D:4      | Found an opulent altar of Gozag.
  3656 | D:4      | Found a sparkling altar of Nemelex Xobeh.
  3837 | D:5      | Entered Level 5 of the Dungeon
  3986 | D:5      | Reached skill level 1 in Invocations
  4668 | D:6      | Reached *** piety under Elyvilon
  4763 | D:6      | Reached skill level 7 in Unarmed Combat
  4798 | D:6      | Reached XP level 9. HP: 72/80 MP: 10/10
  5056 | D:6      | Noticed Duvessa
  5056 | D:6      | Noticed Dowan
  5066 | D:6      | Killed Duvessa
  5073 | D:6      | Killed Dowan
  5128 | D:6      | Noticed Edmund
  5188 | D:6      | Killed Edmund
  5220 | D:6      | Noticed Maggie
  5238 | D:6      | HP: 17/66 [Maggie/bolt of fire (17)]
  5241 | D:6      | Killed Maggie
  5790 | D:7      | Reached skill level 5 in Translocations
  5911 | D:7      | Found a sand-covered staircase.
  5950 | Ossuary  | Entered an ossuary
  6442 | D:7      | Identified the ring of Hulu {Fire Int+2 Dex+2}
  6475 | D:7      | Noticed a gargoyle
  6581 | D:7      | Killed a gargoyle
  6582 | D:7      | Reached skill level 8 in Unarmed Combat
  6656 | D:7      | Reached **** piety under Elyvilon
  6874 | D:7      | Noticed Prince Ribbit
  6888 | D:7      | Killed Prince Ribbit
  6889 | D:7      | Reached skill level 5 in Invocations
  6910 | D:7      | Reached XP level 10. HP: 87/92 MP: 11/13
  6978 | D:7      | Identified the +3 leather armour of the Monk {Dex+3}
  7031 | D:7      | Noticed a white ugly thing
  7037 | D:7      | Pacified a white ugly thing
  7382 | D:8      | Noticed a gargoyle
  7392 | D:8      | HP: 27/92 [troll (3)]
  7393 | D:8      | HP: 9/92 [gargoyle/stone arrow (19)]
  7398 | D:8      | HP: 26/92 [steam dragon/ball of steam (5)]
  7486 | D:8      | Found a bloodstained altar of Trog.
  7511 | D:8      | Noticed a two-headed ogre
  7517 | D:8      | Noticed a two-headed ogre
  7522 | D:8      | Reached skill level 1 in Shields
  7543 | D:8      | HP: 18/94 [two-headed ogre/+0 giant club (15)]
  7545 | D:8      | Elyvilon protects you from harm!
  7548 | D:8      | Slain by a two-headed ogre

Illustrated notes

Levels and vault maps discovered:
D:1:      dpeg_arrival_pits, layout_basic, serial_shops, shop,
          shapermc_ecumenical_altar_mp_highgroup, st_stairs_3,
          corexii_corridor_pit, corner_web_ring, minmay_bisected
D:2:      layout_loops_ring, glass_columns_b, chequers_serial_rivers_micro_b,
          kennysheep_generic_room_14, uniq_sigmund, uniq_natasha
D:3:      layout_basic, uniq_grinder
D:4:      kennysheep_spiral_hall, layout_cave_pools, minitemple,
          minmay_temple_entry_ruins
D:5:      layout_loops_ring
D:6:      layout_cave_pods, kennysheep_opposing_triangles, uniq_duvessa,
          uniq_maggie, uniq_edmund
D:7:      layout_loops_cross, nicolae_ossuary_entry_giza, wad_mini_maze,
          uniq_prince_ribbit1
D:8:      minmay_bloctagon, layout_basic, trog_book, corexii_corridor_pit,
          hangedman_minor_gate_pass
Temple:   nicolae_temple_ecumenical_triangle

Skill      XL: |  1  2  3  4  5  6  7  8  9 10 |
---------------+-------------------------------+-----
Fighting       | 3 4 5 6 7 |  7.7
Unarmed Combat | 3 4 5 7 8 |  8.4
Armour         | 1 3 4 5 6 |  6.5
Translocations | 2 3 5 |  5.0
Invocations    | 2 5 |  5.6
Shields        | 1 |  1.5
Dodging        | |  2.9

Action                     |  1- 3 |  4- 6 |  7- 9 | 10-12 || total
---------------------------+-------+-------+-------+-------++-------
  Melee: Unarmed           |   136 |    71 |   432 |    58 ||   697
         Tailslap          |    12 |    14 |    83 |    10 ||   119
 Invoke: Heal Other        |       |       |     4 |     2 ||     6
         Heal Self         |       |       |     3 |     5 ||     8
    Use: Potion            |       |     1 |       |     1 ||     2
         Scroll            |       |       |     5 |     2 ||     7
 Armour: Robe              |    42 |     8 |     7 |       ||    57
         Ring mail         |       |       |    75 |       ||    75
         Swamp dragon scal |       |       |    43 |    34 ||    77
  Dodge: Dodged            |    63 |    25 |   160 |    32 ||   280

Table legend: (Time is in decaauts)
 A = Elapsed time spent in this place.
 B = Non-inter-level travel time spent in this place.
 C = Inter-level travel time spent in this place.
 D = Time resting spent in this place.
 E = Time spent auto-exploring this place.
 F = Levels seen in this place.
 G = Mean time per level.
                   A        B        C        D        E       F      G
               +--------+--------+--------+--------+--------+-----+--------+
         Total |   7493 |   6997 |    496 |    343 |   4875 |  10 |  749.3 |
       Dungeon |   7184 |   6704 |    480 |    343 |   4774 |   8 |  898.0 |
        Temple |     32 |     16 |     16 |      0 |     13 |   1 |   32.0 |
       Ossuary |    275 |    275 |      0 |      0 |     88 |   1 |  275.0 |
               +--------+--------+--------+--------+--------+-----+--------+

Top non-repeatable levels by time:
     D:7: 1186 daAuts
     D:2: 1133 daAuts
     D:6: 1089 daAuts
     D:1: 1004 daAuts
     D:3: 906 daAuts
     D:4: 875 daAuts
     D:5: 697 daAuts
     D:8: 291 daAuts
 Ossuary: 275 daAuts
  Temple: 32 daAuts
